 Dungeon Crawl Stone Soup version 0.31-a0-609-g7bf6ffcfed (webtiles) character file.

Game seed: 13328238828079542931

120761 RepHenryClay the Bludgeoner (level 16, -3/147 HPs)
             Began as a Minotaur Delver on Aug 21, 2023.
             Was the Champion of Okawaru.
             Slain by a caustic shrike simulacrum (13 damage)
             ... in an ice cave.
             The game lasted 00:48:06 (22529 turns).

RepHenryClay the Bludgeoner (Minotaur Delver)      Turns: 22529, Time: 00:48:06

Health: -3/147     AC: 25    Str: 27 (28) XL:     16   Next: 30%
Magic:  21/22      EV: 22    Int:  4 (5)  God:    Okawaru [******]
Gold:   1510       SH:  0    Dex: 16 (17) Spells: 15/15 levels left

rFire   . . .        a - +5 great mace (protect)
rCold   + . .        (shield currently unavailable)
rNeg    + . .        F - +5 steam dragon scales of Grace {rElec SInv}
rPois   +            V - +1 hat "Giatot" {Harm rN+}
rElec   +            M - +2 cloak {rCorr}
rCorr   +            K - +1 pair of gloves
SInv    +            q - +0 pair of boots
Will    ++...        D - amulet "Zockupn" {Acrobat rC+ Regen+ Int-2 Dex+4}
Stlth   ++++         Y - ring of willpower
HPRegen 1.24/turn    L - ring "Weymywed" {Fly rPois Str+4 SInv}
MPRegen 0.18/turn

%: harm (+30% outgoing, +20% incoming), acrobat
@: about to teleport, heroic, flying, studying 2 skills
A: horns 2, retaliatory headbutt, hooves 1, iridescent scales 1, deformed body,
deterioration 1
a: Renounce Religion, Heroism, Finesse, Duel


You were in an ice cave.
You worshipped Okawaru.
Okawaru was exalted by your worship.
You visited 4 branches of the dungeon, and saw 23 of its levels.
You also visited: Bailey, Gauntlet and Ice Cave.

You collected 2186 gold pieces.
You spent 676 gold pieces at shops.

Inventory:

Hand Weapons
 a - a +5 great mace of protection (weapon)
 w - a +2 heavy great mace
Missiles
 v - 86 poisoned darts
 x - 7 javelins
 C - 7 curare-tipped darts
 T - 4 atropa-tipped darts
Armour
 o - a +1 leather armour of poison resistance
 q - a +0 pair of boots (worn)
 F - the +5 steam dragon scales of Grace (worn) {rElec SInv}
   (You took it off a minotaur in a Gauntlet)

   rElec:     It insulates you from electricity.
   SInv:      It lets you see invisible.
 I - a +1 kite shield of cold resistance
 J - +1 swamp dragon scales
 K - a +1 pair of gloves (worn)
 M - a +2 cloak of preservation (worn)
 V - the +1 hat "Giatot" (worn) {Harm rN+}
   (Okawaru gifted it to you on level 4 of the Lair of Beasts)

   rN+:       It protects you from negative energy.
   Harm:      It increases damage dealt and taken.
Jewellery
 s - the brooch of Shielding {Spirit SH+8}
   (You found it on level 2 of the Lair of Beasts)

   [amulet of guardian spirit]

   Spirit:    It causes incoming damage to be divided between your reserves of
   health and magic.
   SH+8:      It affects your SH (+8).
 y - a ring of protection from cold
 z - a ring of protection from cold
 A - the ring of Qaroefatz {rPois Dex+2 SInv}
   (You found it in a Gauntlet)

   [ring of see invisible]

   Dex+2:     It affects your dexterity (+2).
   rPois:     It protects you from poison SInv: It lets you see invisible.
 D - the amulet "Zockupn" (around neck) {Acrobat rC+ Regen+ Int-2 Dex+4}
   (You found it on level 7 of the Dungeon)

   [amulet of the acrobat]

   Acrobat:   It increases your evasion while moving and waiting.
   Int-2:     It affects your intelligence (-2).
   Dex+4:     It affects your dexterity (+4).
   rC+:       It protects you from cold.
   Regen+:    It increases your rate of health regeneration.
 L - the ring "Weymywed" (right hand) {Fly rPois Str+4 SInv}
   (You bought it in a shop on level 13 of the Dungeon)

   [ring of see invisible]

   Str+4:     It affects your strength (+4).
   rPois:     It protects you from poison SInv: It lets you see invisible.
   Fly:       It grants you flight.
 P - the ring "Honwyikk" {rPois rN+ MP+9}
   (You found it on level 1 of the Lair of Beasts)

   [ring of magical power]

   rPois:     It protects you from poison rN+: It protects you from negative
   energy.
   MP+9:      It affects your magic capacity (+9).
 S - a ring of protection from fire
 W - the ring of Okil {Wiz rElec Str+4}
   (You found it on level 5 of the Lair of Beasts)

   [ring of wizardry]

   Wiz:       It improves your spell success rate.
   Str+4:     It affects your strength (+4).
   rElec:     It insulates you from electricity.
 Y - a ring of willpower (left hand)
Wands
 g - a wand of digging (2)
 E - a wand of paralysis (18)
 Q - a wand of roots (7)
 R - a wand of light (7)
Scrolls
 b - a scroll of revelation
 c - 3 scrolls of fog
 e - 2 scrolls of fear
 h - 13 scrolls of identify {@r1}
 i - 5 scrolls of butterflies
 m - 7 scrolls of teleportation
 t - 6 scrolls of enchant armour
 u - 2 scrolls of enchant weapon
 N - a scroll of blinking
 Z - a scroll of immolation
Potions
 d - 4 potions of resistance
 f - 7 potions of haste
 j - 2 potions of mutation
 k - 2 potions of lignification
 l - 4 potions of might
 n - 5 potions of brilliance
 p - 5 potions of attraction {unknown}
 r - a potion of enlightenment
 B - 10 potions of curing
 G - 7 potions of heal wounds
 H - 3 potions of magic
 O - 2 potions of ambrosia
 U - a potion of invisibility
 X - 3 potions of berserk rage


   Skills:
 + Level 14.3(19.3) Fighting
 - Level 20.0(25.0) Maces & Flails
 - Level 6.0(11.0) Throwing
 + Level 18.4(23.4) Armour
 - Level 12.0(17.0) Dodging
 - Level 4.1(9.1) Stealth
 - Level 10.0 Invocations


You had 15 spell levels left.
You didn't know any spells.
Your spell library contained the following spells:

 Spells                   Type           Power      Damage    Failure   Level
 Kiss of Death            Conj/Necr      0%         2d5       50%         1
 Momentum Strike          Conj/Tloc      0%         3d8       65%         2
 Poisonous Vapours        Pois/Air       0%         N/A       65%         2
 Sublimation of Blood     Necr           0%         N/A       65%         2
 Wereblood                Tmut           0%         N/A       65%         2
 Confusing Touch          Hex            0%         N/A       86%         3
 Gell's Gravitas          Tloc           0%         N/A       86%         3
 Ignite Poison            Fire/Tmut/Pois 0%         N/A       86%         3
 Ozocubu's Armour         Ice            0%         N/A       86%         3
 Portal Projectile        Hex/Tloc       0%         N/A       86%         3
 Volatile Blastmotes      Fire/Tloc      0%         2d10      86%         3
 Dispel Undead            Necr           0%         3d6       99%         4
 Iskenderun's Mystic Bla  Conj/Tloc      0%         2d3       99%         4
 Leda's Liquefaction      Hex/Erth       0%         N/A       99%         4
 Passage of Golubria      Tloc           0%         N/A       99%         4
 Borgnjor's Vile Clutch   Necr/Erth      0%         N/A       100%        5
 Fireball                 Conj/Fire      0%         3d3       100%        5
 Iskenderun's Battlesphe  Conj           0%         2d6       100%        5
 Lee's Rapid Deconstruct  Erth           0%         3d4*      100%        5
 Silence                  Hex/Air        0%         N/A       100%        5
 Yara's Violent Unravell  Hex/Tmut       0%         3d3       100%        5
 Conjure Ball Lightning   Conj/Air       0%         3x3d6     100%        6
 Leda's Unmaking          Conj/Erth      0%         9d1       100%        6
 Orb of Destruction       Conj           0%         9d5       100%        7
 Ozocubu's Refrigeration  Ice            0%         4d7       100%        7
 Lehudib's Crystal Spear  Conj/Erth      0%         10d2      100%        8
 Tukima's Dance           Hex            Unusable   N/A       N/A         3
 Animate Dead             Necr           Unusable   N/A       N/A         4
 Death Channel            Necr           Unusable   N/A       N/A         6
 Summon Hydra             Summ           Unusable   N/A       N/A         7

Dungeon Overview and Level Annotations

Branches:
Dungeon (15/15)            Temple (0/1) D:7            Lair (5/5) D:9
  Swamp (0/4) Lair:3        Snake (1/4) Lair:2        Slime (0/5) Lair:4
    Orc (2/2) D:11            Elf (0/3) Orc:2        Vaults (0/5) D:13
 Depths (0/4) D:15         Bailey (visited)           IceCv (1/1)
Gauntlet (visited)

Altars:
Cheibriados
Elyvilon
Fedhas
Gozag
Kikubaaqudgha
Makhleb
Okawaru
Qazlal
Ru
Trog
Vehumet
Zin

Shops:
D:4 !   D:12 !   D:13 =?   Orc:2 [=*(

Annotations:
D:3 3 runed translucent doors, thirtiethelement's ghost, amateur DsNe
D:7 2 exclusions, Maggie


Innate Abilities, Weirdness & Mutations

You have a pair of horns on your head.
You reflexively headbutt those who attack you in melee.
You have large cloven feet.
You are partially covered in iridescent scales. (AC +2)
Armour fits poorly on your strangely shaped body.
Your body sometimes deteriorates upon taking damage.


Message History

You headbutt the caustic shrike simulacrum.
The caustic shrike simulacrum is moderately damaged.
The caustic shrike simulacrum claws you!
* * * LOW HITPOINT WARNING * * *
The caustic shrike simulacrum freezes you!!
You resist.
* * * LOW HITPOINT WARNING * * *
Huge Dmg: -27%(-39hp) hp: 13%(19hp) Blink to where?
Press: ? - help, Dir - move target
As you read the scroll of blinking, it crumbles to dust.
You feel much better.
As you read the scroll of teleportation, it crumbles to dust.
You feel strangely unstable.
The caustic shrike simulacrum claws you!
* * * LOW HITPOINT WARNING * * *
The caustic shrike simulacrum freezes you!
You resist.
* * * LOW HITPOINT WARNING * * *
Huge Dmg: -18%(-27hp) hp: 11%(15hp)
You feel much better.
The caustic shrike simulacrum claws you but does no damage.
The caustic shrike simulacrum misses you.
The caustic shrike simulacrum claws you!
* * * LOW HITPOINT WARNING * * *
The caustic shrike simulacrum freezes you!
You resist.
* * * LOW HITPOINT WARNING * * *
Unknown command.
You feel much better.
The caustic shrike simulacrum claws you.
* * * LOW HITPOINT WARNING * * *
The caustic shrike simulacrum freezes you!
You resist.
* * * LOW HITPOINT WARNING * * *
The caustic shrike simulacrum claws you!
* * * LOW HITPOINT WARNING * * *
The caustic shrike simulacrum freezes you!
You resist.
You die...

≈≈≈≈≈≈≈#.#
#≈≈≈≈≈≈#.##
###≈≈≈≈≈≈##.#
##.##≈≈#≈≈##.#
##4Z.##≈##≈#..#
#..#°.######..#
#.Z###Z#.#.#...#
.1Z.4
#..#.Z#Z..#
.....4#
##Z.##.Z@##
#..... #.###..##
#....# ##.##.##
#.... #.##..#
##..# ##.##.##
##.##..##
##.####..# #.##
##.# ##.#####.#


You could see a deep troll simulacrum and 2 caustic shrike simulacra.

Vanquished Creatures
  A storm dragon (D:15)
  Donald (Orc:1)
  An orc warlord (Orc:1)
  A stone giant (D:15)
  A minotaur (Gauntlet)
  Josephine (D:11)
  A green death (Gauntlet)
  An ettin (Orc:2)
  9 hydras
  4 vault guards (D:13)
  4 catoblepae
  2 ogre magi
  5 centaur warriors
  A death knight (D:14)
  4 two-headed ogres
  7 boulder beetles
  An anaconda (Snake:1)
  5 orc high priests
  A shock serpent (Snake:1)
  2 skysharks (Lair:5)
  A sea snake (Snake:1)
  2 goliath frogs (Lair:5)
  7 spriggan simulacra (IceCv)
  A bog body (IceCv)
  5 orc knights
  An obsidian statue (IceCv)
  2 deep elf pyromancers
  Pikel (D:8)
  A wolf spider (D:14)
  An oklob plant (Lair:3)
  10 ugly things
  4 manticores
  6 cyclopes
  A salamander (shapeshifter) (D:13)
  4 elephants (Lair:2)
  An eye of devastation (Gauntlet)
  A black mamba (shapeshifter) (D:15)
  Maurice (D:9)
  A gargoyle (D:12)
  A smoke demon (D:9)
  4 black mambas
  A rust devil (D:9)
  Jeremiah (D:7)
  An orange demon (Gauntlet)
  3 rime drakes
  27 cane toads
  A yaktaur (shapeshifter) (D:13)
  4 kobold demonologists
  5 freezing wraiths
  An efreet (D:14)
  4 komodo dragons
  A golden dragon simulacrum (IceCv)
  11 ice devils (IceCv)
  An anaconda simulacrum (IceCv)
  3 meliai (D:14)
  A red devil (D:9)
  7 polar bears
  4 trolls
  An alligator simulacrum (IceCv)
  2 hellwings (D:9)
  A tyrant leech (Lair:5)
  A tarantella (shapeshifter) (D:15)
  2 hornets (Gauntlet)
  Prince Ribbit (Lair:3)
  24 blink frogs
  7 dream sheep (Lair:2)
  A dire elephant simulacrum (IceCv)
  3 vampires
  30 slime creatures
  5 wyverns
  A shadow (D:11)
  6 wraiths
  2 golden eyes (Gauntlet)
  A hog (shapeshifter) (D:15)
  46 yaks
  2 steam dragons
  10 vampire mosquitoes
  9 minotaur simulacra (IceCv)
  3 swamp worms (Lair:3)
  3 basilisks
  5 nagas
  4 wargs
  A harpy simulacrum (IceCv)
  3 acid dragons
  19 water moccasins
  A hydra simulacrum (IceCv)
  26 orc warriors
  2 sky beasts
  2 black bears
  An ice beast (D:5)
  14 wolves
  5 centaurs
  11 ogres
  A phantom (D:6)
  15 kobold brigands
  19 bullfrogs
  2 gnoll sergeants (D:8)
  8 deep troll simulacra (IceCv)
  A scorpion (D:5)
  4 wights
  12 killer bees
  An electric eel (Lair:5)
  5 howler monkeys
  5 hounds
  8 jellies
  12 orc priests
  A gnoll bouda (D:10)
  An iguana (D:6)
  4 sleepcaps
  19 orc wizards
  4 hell rats (Lair:2)
  A mummy (D:6)
  20 gnolls
  9 adders
  A shadow imp (D:7)
  2 white imps
  2 ufetubi
  5 dart slugs
  61 orcs
  7 ball pythons
  5 bats
  9 endoplasms
  2 giant cockroaches
  A goblin (D:3)
  9 hobgoblins
  3 quokkas
  3 frilled lizards
  8 kobolds
  4 rats
714 creatures vanquished.

Vanquished Creatures (others)
  An orc (D:6)
1 creature vanquished.

Grand Total: 715 creatures vanquished

Notes
Turn   | Place    | Note
-------+----------+-------------------------------------------
     0 | D:5      | RepHenryClay the Minotaur Delver began the quest for the
                  | Orb.
     0 | D:5      | Reached XP level 1. HP: 19/19 MP: 0/0
   194 | D:3      | Reached skill level 1 in Armour
   194 | D:3      | Reached XP level 2. HP: 24/27 MP: 1/1
   309 | D:2      | Reached skill level 3 in Maces & Flails
   523 | D:1      | Reached XP level 3. HP: 29/33 MP: 2/2
  1087 | D:2      | Found a faded altar of an unknown god.
  1395 | D:2      | Reached skill level 4 in Maces & Flails
  1395 | D:2      | Reached XP level 4. HP: 36/40 MP: 3/3
  1893 | D:3      | Found a runed translucent gate.
  1893 | D:3      | Found a runed translucent gate.
  1893 | D:3      | Found a runed translucent gate.
  1894 | D:3      | Found an opulent altar of Gozag.
  1895 | D:3      | Noticed thirtiethelement's ghost (amateur DsNe)
  2094 | D:4      | Found Xoockom's Distillery.
  2102 | D:4      | Bought a potion of heal wounds for 70 gold pieces
  2287 | D:4      | Found an opulent altar of Gozag.
  2288 | D:4      | Found a sacrificial altar of Ru.
  2288 | D:4      | Found an ancient bone altar of Kikubaaqudgha.
  2288 | D:4      | Found a radiant altar of Vehumet.
  2341 | D:4      | Reached XP level 5. HP: 46/46 MP: 4/4
  2567 | D:4      | Found a white marble altar of Elyvilon.
  2721 | D:5      | Noticed an ogre
  2726 | D:5      | Gained mutation: Armour fits poorly on your strangely
                  | shaped body. [potion of mutation]
  2726 | D:5      | Gained mutation: You have hidden genetic potential. [potion
                  | of mutation]
  2745 | D:4      | Reached skill level 5 in Maces & Flails
  2809 | D:5      | Noticed an ice beast
  2816 | D:5      | Killed an ice beast
  2817 | D:5      | Reached XP level 6. HP: 52/52 MP: 5/5
  2858 | D:5      | Reached skill level 5 in Armour
  2873 | D:5      | Gained mutation: You are partially covered in iridescent
                  | scales. (AC +2) [hidden potential]
  2897 | D:5      | Reached skill level 6 in Maces & Flails
  3160 | D:5      | Reached XP level 7. HP: 48/58 MP: 6/6
  3165 | D:5      | Reached skill level 7 in Maces & Flails
  3177 | D:5      | Gained mutation: You have large cloven feet. [hidden
                  | potential]
  3177 | D:5      | Lost mutation: You have hidden genetic potential. [hidden
                  | potential expressed]
  3805 | D:4      | Bought 2 potions of curing for 84 gold pieces
  4031 | D:6      | Reached skill level 8 in Maces & Flails
  4066 | D:6      | Reached XP level 8. HP: 66/66 MP: 7/7
  4099 | D:6      | Found a snail-covered altar of Cheibriados.
  4197 | D:6      | Found a blossoming altar of Fedhas.
  4560 | D:6      | Found an iron altar of Okawaru.
  4579 | D:6      | Became a worshipper of Warmaster Okawaru
  4767 | D:6      | Reached skill level 9 in Maces & Flails
  4856 | D:7      | Found a staircase to the Ecumenical Temple.
  4972 | D:7      | Reached * piety under Okawaru
  4973 | D:7      | Reached skill level 10 in Maces & Flails
  4980 | D:7      | Identified the amulet "Zockupn" {Acrobat rC+ Regen+ Int-2
                  | Dex+4}
  4991 | D:7      | Paralysed by a wight for 4 turns
  5047 | D:7      | Noticed Jeremiah
  5115 | D:7      | Noticed Maggie
  5142 | D:7      | Found a flagged portal.
  5151 | Bailey   | Entered a bailey
  5341 | Bailey   | Reached XP level 9. HP: 65/65 MP: 8/8
  5342 | Bailey   | Noticed an orc knight
  5425 | Bailey   | Killed an orc knight
  5426 | Bailey   | Reached skill level 10 in Armour
  5463 | Bailey   | Reached skill level 14 in Maces & Flails
  5463 | Bailey   | Reached XP level 10. HP: 35/78 MP: 9/9
  5464 | Bailey   | Reached skill level 5 in Dodging
  5464 | Bailey   | Reached skill level 5 in Invocations
  5464 | Bailey   | Reached XP level 11. HP: 40/89 MP: 9/14
  5900 | D:7      | Killed Jeremiah
  5900 | D:7      | Reached ** piety under Okawaru
  6309 | D:8      | Noticed a two-headed ogre
  6318 | D:8      | Killed a two-headed ogre
  6849 | D:8      | Found a burning altar of Makhleb.
  6948 | D:8      | Noticed Pikel
  6964 | D:8      | Killed Pikel
  7226 | D:9      | Found a stormy altar of Qazlal.
  7257 | D:9      | Reached *** piety under Okawaru
  7368 | D:9      | Found a staircase to the Lair.
  7371 | D:9      | Noticed Maurice
  7388 | D:9      | Paralysed by Maurice for 5 turns
  7396 | D:9      | Killed Maurice
  7526 | D:9      | Found a bloodstained altar of Trog.
  7628 | D:9      | Found a glowing silver altar of Zin.
  8013 | D:9      | Reached skill level 15 in Armour
  8633 | D:10     | Entered Level 10 of the Dungeon
  8636 | D:10     | Identified a scroll of acquirement
  8639 | D:10     | Acquired a +5 great mace of protection
  8895 | D:10     | Reached XP level 12. HP: 104/104 MP: 15/15
  9722 | D:11     | Noticed a two-headed ogre
  9729 | D:11     | Killed a two-headed ogre
  9729 | D:11     | Reached **** piety under Okawaru
  9784 | D:11     | Noticed a centaur warrior
  9790 | D:11     | Noticed Josephine
  9797 | D:11     | Reached skill level 15 in Maces & Flails
  9805 | D:11     | Killed a centaur warrior
  9809 | D:11     | Killed Josephine
  9834 | D:11     | Reached skill level 16 in Maces & Flails
 10243 | D:11     | Noticed a boulder beetle
 10266 | D:11     | Killed a boulder beetle
 10266 | D:11     | Reached ***** piety under Okawaru
 10303 | D:11     | Found a staircase to the Orcish Mines.
 10718 | Orc:1    | Entered Level 1 of the Orcish Mines
 10785 | Orc:1    | Reached skill level 17 in Maces & Flails
 11110 | Orc:2    | Entered Level 2 of the Orcish Mines
 11110 | Orc:2    | Noticed Donald
 11119 | Orc:1    | Killed Donald
 11138 | Orc:2    | Found Laicaj's Antique Armour Shop.
 11424 | Lair:1   | Entered Level 1 of the Lair of Beasts
 11594 | Lair:1   | Noticed a boulder beetle
 11614 | Lair:1   | Killed a boulder beetle
 11662 | Lair:1   | Found a gate leading to a gauntlet.
 11673 | Gauntlet | Entered a Gauntlet
 11673 | Gauntlet | Found a transporter.
 11683 | Gauntlet | Noticed a catoblepas
 11696 | Gauntlet | Found a transporter.
 11706 | Gauntlet | Found a transporter.
 11711 | Gauntlet | Found a transporter.
 11736 | Gauntlet | Found a transporter.
 11745 | Gauntlet | Found a transporter.
 11757 | Gauntlet | Found a transporter.
 11766 | Gauntlet | Noticed a green death
 11769 | Gauntlet | Found a transporter.
 11777 | Gauntlet | Noticed a balrug
 11781 | Gauntlet | Found a transporter.
 11791 | Gauntlet | Noticed a great orb of eyes
 11793 | Gauntlet | Found a transporter.
 11810 | Gauntlet | Found a transporter.
 11828 | Gauntlet | Found a transporter.
 11830 | Gauntlet | Found a transporter.
 11855 | Gauntlet | Found a transporter.
 11857 | Gauntlet | Found a transporter.
 11877 | Gauntlet | Found a transporter.
 11950 | Gauntlet | Noticed a dire elephant
 11955 | Gauntlet | Found a transporter.
 11975 | Gauntlet | Found a transporter.
 12080 | Gauntlet | Received a gift from Okawaru
 12087 | Gauntlet | Reached skill level 1 in Throwing
 12284 | Gauntlet | Killed a green death
 12285 | Gauntlet | Reached XP level 13. HP: 80/111 MP: 13/16
 12295 | Gauntlet | Identified the ring of Qaroefatz {rPois Dex+2 SInv}
 12305 | Gauntlet | Got Sif Muna's Incunabulum of Altered Direction
 12335 | Gauntlet | Identified the +5 steam dragon scales of Grace {rElec SInv}
 12335 | Gauntlet | Noticed a minotaur
 12350 | Gauntlet | Killed a minotaur
 12412 | Gauntlet | Identified the +1 robe "Etwar" {rElec rC+ Int+3}
 12418 | Gauntlet | Got the Verses on Nonlocality and the Spider
 12597 | Lair:1   | Reached skill level 5 in Throwing
 13129 | Lair:1   | Identified the ring "Honwyikk" {rPois rN+ MP+9}
 13403 | Lair:2   | Reached skill level 18 in Maces & Flails
 13514 | Lair:2   | Identified the +1 pair of gloves of the Present {-Tele
                  | Contam rPois rN+++} (Okawaru gifted it to you on level 2 of
                  | the Lair of Beasts)
 13514 | Lair:2   | Received a gift from Okawaru
 13696 | Lair:2   | Found a staircase to the Snake Pit.
 13756 | Lair:2   | Reached skill level 19 in Maces & Flails
 13869 | Lair:2   | Found the brooch of Shielding {Spirit SH+8}
 14633 | Lair:3   | Noticed Prince Ribbit
 14642 | Lair:3   | Killed Prince Ribbit
 14755 | Lair:3   | Reached skill level 20 in Maces & Flails
 15118 | Lair:3   | Received a gift from Okawaru
 15182 | Lair:3   | Found a staircase to the Swamp.
 15465 | Lair:4   | Reached XP level 14. HP: 114/118 MP: 17/17
 15507 | Lair:4   | Found a staircase to the Slime Pits.
 15558 | Lair:4   | Reached ****** piety under Okawaru
 15558 | Lair:4   | Received a gift from Okawaru
 15980 | Lair:4   | Identified the +1 hat "Giatot" {Harm rN+} (Okawaru gifted
                  | it to you on level 4 of the Lair of Beasts)
 15980 | Lair:4   | Received a gift from Okawaru
 16451 | Lair:5   | Entered Level 5 of the Lair of Beasts
 16512 | Lair:5   | Reached skill level 10 in Dodging
 16534 | Lair:5   | Identified the ring of Okil {Wiz rElec Str+4}
 16799 | Lair:5   | Received a gift from Okawaru
 16862 | Lair:5   | Received a gift from Okawaru
 16863 | Lair:5   | Reached skill level 10 in Invocations
 17785 | Orc:2    | Found Oqowaed's Antique Weapon Emporium.
 17836 | Orc:2    | Received a gift from Okawaru
 17990 | Orc:2    | Reached skill level 10 in Fighting
 17995 | Orc:2    | Gained mutation: Your body sometimes deteriorates upon
                  | taking damage. [a neqoxec]
 18001 | Orc:2    | Reached XP level 15. HP: 99/126 MP: 21/21
 18403 | Orc:2    | Found Xashrom's General Store.
 18460 | Orc:2    | Found Maquc's Jewellery Shop.
 18494 | Orc:2    | Found a staircase to the Elven Halls.
 18859 | D:12     | Found Loatwiadoe's Distillery.
 18879 | D:12     | Received a gift from Okawaru
 19283 | D:13     | Found Teogg's Magic Scroll Emporium.
 19331 | D:13     | Bought a scroll of noise for 14 gold pieces
 19332 | D:13     | Bought a scroll of revelation for 105 gold pieces
 19395 | D:13     | Found a gate to the Vaults.
 19724 | D:13     | Found Diunnir's Jewellery Boutique.
 19830 | D:13     | Identified the +4 quarterstaff "Padigu" {holy, *Slow rPois
                  | Str+5}
 20199 | D:14     | Received a gift from Okawaru
 20452 | D:14     | Received a gift from Okawaru
 20635 | D:14     | Received a gift from Okawaru
 20740 | D:14     | Identified the +1 long sword "Murmur" {distort, rF+ Dex+4}
 20902 | D:15     | Entered Level 15 of the Dungeon
 20944 | D:15     | Found a staircase to the Depths.
 20963 | D:15     | Received a gift from Okawaru
 21098 | D:15     | Found a runed translucent door.
 21263 | D:15     | Identified the +6 plate armour of Greed {*Slow rElec rCorr
                  | Str+2} (Okawaru gifted it to you on level 15 of the
                  | Dungeon)
 21263 | D:15     | Received a gift from Okawaru
 21591 | D:15     | Noticed a storm dragon
 21603 | D:15     | Killed a storm dragon
 21604 | D:15     | Reached XP level 16. HP: 144/144 MP: 22/22
 21737 | D:13     | Bought the ring "Weymywed" {Fly rPois Str+4 SInv} for 403
                  | gold pieces
 21898 | Snake:1  | Entered Level 1 of the Snake Pit
 21946 | Snake:1  | Found a frozen archway.
 21951 | IceCv    | Entered an ice cave
 22151 | IceCv    | Identified the +3 battleaxe "Niewn" {freeze, rN+}
 22513 | IceCv    | Noticed an Ice Fiend
 22529 | IceCv    | Slain by a caustic shrike simulacrum

Illustrated notes

Levels and vault maps discovered:
D:1:      dpeg_arrival_rooms_b, layout_basic
D:2:      layout_loops_cross, chequers_ecumenical_altar_island
D:3:      layout_basic, nicolae_overflow_hidden_temple, ebering_ghost_gozag,
          nicolae_twisty_statue_hallways
D:4:      layout_loops_cross, kennysheep_little_box,
          chequers_temple_overflow_statue_of_worship, serial_shops,
          nicolae_diamond_shop, wad_floor_pattern_1, amcnicky_mini_pool_small
D:5:      kennysheep_spiral_hall, layout_rooms
D:6:      layout_rooms, mainiacjoe_overflow_brackets, slow_altar_1,
          okawaru_altar_gauntlet_db, minmay_manual_monolith
D:7:      layout_gridville, minmay_temple_entry_glassed_door, enter_bailey_8,
          uniq_maggie, uniq_jeremiah
D:8:      layout_gridville, bloody_makhleb, minmay_circle_x, uniq_pikel
D:9:      layout_loops_ring, grunt_qazlal_sundering, zin_academy,
          amcnicky_altar_gilded, dpeg_oklobed_lair, nicolae_where_there's_smoke,
          uniq_maurice
D:10:     layout_basic, serial_glass, glass_columns_a, glass_columns_a,
          eino_tiny_chamber, nicolae_lava_and_water, nicolae_zen_rock_garden
D:11:     layout_irregular_city, orc_0_dummy, uniq_josephine
D:12:     layout_roguey, serial_shops, nicolae_shop_industrial_runoff
D:13:     layout_long_grid, lightli_vaults_fourway_checkpoint, serial_shops,
          shop, shop, feat_on_display
D:14:     layout_basic, chequers_serial_rivers_micro_e,
          minmay_mirror_moons_of_madness
D:15:     grunt_enter_depths_giant_problem, layout_basic, lightli_airlock
Lair:1:   layout_cave_pods, serial_forest, infiniplex_forest_straight_2,
          infiniplex_forest_clump_large, infiniplex_forest_zigzag_2,
          infiniplex_forest_zigzag_1, infiniplex_forest_lined_room_,
          infiniplex_forest_lined_2, infiniplex_forest_straight_1,
          gauntlet_entry_generic
Lair:2:   layout_gridlike, minmay_snake_entry_guardpost_small, minivault_11
Lair:3:   layout_loops_ring, palyth_hydra_swamp_entry,
          pdpol_lair_neglected_garden, beast_lair_carwin_9,
          infiniplex_staircase_pool_2, uniq_prince_ribbit2
Lair:4:   layout_loops_ring, minmay_slime_entry_pillars,
          cheibrodos_lair_lostbears, lemuel_fruit_tree
Lair:5:   minmay_lair_end_frog_pond, layout_gridlike, serial_bayou_shore_b
Snake:1:  layout_basic, portal_ice_cave_entry_pillars_three,
          serial_bayou_shore_b, minmay_shop_star, uniq_aizul
Orc:1:    layout_caves, special_room [special_room_kobold], basic_altar
Orc:2:    grunt_orc_gardens, layout_caves, grunt_orc_garden, grunt_orc_garden,
          grunt_orc_garden, grunt_orc_garden, mines4_lemuel, uniq_donald
IceCv:    ice_cave_caverns_02

Skill      XL: |  1  2  3  4  5  6  7  8  9 10 11 12 13 14 15 16 |
---------------+-------------------------------------------------+-----
Armour         | 1 2 3 4 6 7 9 13 15 17 18 | 18.4
Maces & Flails | 3 4 5 6 8 10 14 17 20 | 20.0
Fighting       | 6 9 10 13 14 | 14.3
Dodging        | 5 7 10 12 | 12.0
Invocations    | 5 10 | 10.0
Throwing       | 3 6 |  6.0
Stealth        | |  4.1

Action                     |  1- 3 |  4- 6 |  7- 9 | 10-12 | 13-15 | 16-18 || total
---------------------------+-------+-------+-------+-------+-------+-------++-------
  Melee: Mace              |    54 |    25 |       |       |       |       ||    79
         Headbutt          |    12 |    16 |    32 |   108 |   286 |    32 ||   486
         Morningstar       |       |    67 |   163 |       |       |       ||   230
         Punch             |       |       |     2 |     7 |       |       ||     9
         Flail             |       |       |    31 |   248 |       |       ||   279
         Great mace        |       |       |       |   235 |  1049 |   138 ||  1422
         Hand axe          |       |       |       |    12 |     7 |       ||    19
 Invoke: Heroism           |       |       |     1 |     5 |     5 |     1 ||    12
  Evoke: Wand              |       |       |    10 |     4 |       |       ||    14
    Use: Potion            |       |     5 |     6 |     5 |     1 |     3 ||    20
         Scroll            |       |       |     5 |    13 |     6 |     3 ||    27
   Stab: Sleeping          |    12 |     1 |     5 |     7 |    17 |     1 ||    43
         Invisible         |       |       |     3 |    11 |       |       ||    14
         Paralysed         |       |       |     3 |     7 |       |       ||    10
         Petrified         |       |       |       |       |     4 |       ||     4
         Petrifying        |       |       |       |       |     1 |       ||     1
         Distracted        |       |       |       |       |       |     1 ||     1
 Armour: Leather armour    |    10 |     4 |       |       |       |       ||    14
         Ring mail         |       |    26 |       |       |       |       ||    26
         Chain mail        |       |    35 |    47 |       |       |       ||    82
         Acid dragon scale |       |       |    41 |   233 |     9 |       ||   283
         Steam dragon scal |       |       |       |       |   409 |    54 ||   463
  Dodge: Dodged            |    28 |    60 |   108 |   342 |   907 |   147 ||  1592
  Block: Other             |       |       |    24 |       |       |       ||    24

Table legend: (Time is in decaauts)
 A = Elapsed time spent in this place.
 B = Non-inter-level travel time spent in this place.
 C = Inter-level travel time spent in this place.
 D = Time resting spent in this place.
 E = Time spent auto-exploring this place.
 F = Levels seen in this place.
 G = Mean time per level.
                   A        B        C        D        E       F      G
               +--------+--------+--------+--------+--------+-----+--------+
         Total |  22177 |  20707 |   1470 |    843 |  14943 |  26 |  853.0 |
       Dungeon |  13265 |  12195 |   1070 |    477 |   9047 |  15 |  884.3 |
          Lair |   5319 |   5017 |    302 |      2 |   3860 |   5 | 1063.8 |
     Snake Pit |     48 |     43 |      5 |      0 |      0 |   1 |   48.0 |
  Orcish Mines |   1688 |   1595 |     93 |    270 |    926 |   2 |  844.0 |
        Bailey |    547 |    547 |      0 |      4 |    402 |   1 |  547.0 |
      Ice Cave |    540 |    540 |      0 |     70 |    261 |   1 |  540.0 |
      Gauntlet |    766 |    766 |      0 |     20 |    447 |   1 |  766.0 |
               +--------+--------+--------+--------+--------+-----+--------+

Top non-repeatable levels by time:
     D:9: 1493 daAuts
    D:10: 1154 daAuts
  Lair:1: 1109 daAuts
    D:11: 1108 daAuts
     D:5: 1090 daAuts
  Lair:2: 1081 daAuts
  Lair:5: 1074 daAuts
  Lair:3: 1070 daAuts
     D:7: 1041 daAuts
  Lair:4: 982 daAuts
   Orc:1: 963 daAuts
    D:13: 958 daAuts
     D:8: 841 daAuts
     D:6: 812 daAuts
     D:4: 807 daAuts
